 Dungeon Sprint DCSS version 0.26-a0-651-gb41185065b (webtiles) character file.

Game seed: 7994746675464615715

450654 Apogee the End of an Era (level 18, 166/166 HPs)
             Began as a Hill Orc Fighter on Oct 8, 2020.
             Was the Champion of Qazlal.
             Escaped with the Orb!
             The game lasted 00:23:15 (3070 turns).

Apogee the End of an Era (Hill Orc Fighter)         Turns: 3070, Time: 00:23:15

Health: 166/166    AC: 44    Str: 30    XL:     18   Next: 83%
Magic:  46/46      EV:  7    Int: 18    God:    Qazlal [******]
Gold:   0          SH: 26    Dex: 12    Spells: 25/65 levels left

rFire    + . .     SeeInvis .   p - +5 broad axe (flame)
rCold    . . .     Faith    .   n - +3 kite shield
rNeg     + . .     Spirit   .   k - +5 crystal plate armour
rPois    +         Reflect  .   a - +2 helmet {Int+3}
rElec    +         Harm     .   J - +5 cloak of Defiance {rElec rF+ rN+ Dex+4}
rCorr    .         Rampage  .   (no gloves)
MR       +++++     NoTele   +   T - +0 pair of boots of Compression {+Fly rPois MR++ Dex-2} (curse)
Stlth    ..........             m - amulet of the acrobat
HPRegen  0.37/turn              P - ring "Fuzeitto" {Str+7 Stlth+}
MPRegen  0.30/turn              A - ring of the Mage {Wiz MR++ Int+3}

@: studying 3 skills, repel missiles
A: no striking features
0: Orb of Zot
a: Upheaval, Elemental Force, Disaster Area, Renounce Religion, Evoke Flight


You escaped.
You worshipped Qazlal.
Qazlal was exalted by your worship.
You visited 1 branch

Inventory:

Hand Weapons
 l - the +9 staff of Wucad Mu {channel}
   (You found it in the Dungeon)
 p - a +5 broad axe of flaming (weapon)
   (You found it in the Dungeon)
 S - the +1 war axe "Lifebane" {protect, rElec}
   (You took it off a wight in the Dungeon)

   It grants its wielder temporary protection when it strikes (+7 to AC).
   It insulates you from electricity.
 W - the +4 whip "Safiuggu" {vorpal, *Corrode +Inv MP+9 Int+6}
   (You found it in the Dungeon)

   It inflicts extra damage upon your enemies.
   It affects your intelligence (+6).
   It affects your magic capacity (+9).
   It lets you turn invisible.
   It may corrode you when you take damage.
Armour
 a - a +2 helmet of intelligence (worn)
   (You found it in the Dungeon)
 k - a +5 crystal plate armour (worn)
   (You found it in the Dungeon)
 n - a +3 kite shield (worn)
   (You found it in the Dungeon)
 o - a +3 tower shield
   (You found it in the Dungeon)
 t - the +4 plate armour of Incorporation {-Cast rF+ MR+ Regen+}
   (You took it off a deep elf master archer in the Dungeon)

   It protects you from fire.
   It affects your resistance to hostile enchantments.
   It prevents spellcasting.
   It increases your rate of regeneration.
 E - the +4 scale mail of Poor Excuses {*Drain +Inv Int+8 Slay+2}
   (You took it off a merfolk javelineer in the Dungeon)

   It affects your intelligence (+8).
   It affects your accuracy and damage with ranged weapons and melee attacks
   (+2).
   It lets you turn invisible.
   It causes draining when unequipped.
 J - the +5 cloak of Defiance (worn) {rElec rF+ rN+ Dex+4}
   (You found it in the Dungeon)

   It affects your dexterity (+4).
   It protects you from fire.
   It insulates you from electricity.
   It protects you from negative energy.
 T - the cursed +0 pair of boots of Compression (worn) {+Fly rPois MR++ Dex-2}
   (You found it in the Dungeon)

   It affects your dexterity (-2).
   It protects you from poison.
   It affects your resistance to hostile enchantments.
   It lets you fly.
   It has a curse placed upon it.
 X - the +4 ring mail of Jatt {*Slow rElec rPois Int-3}
   (You found it in the Dungeon)

   It affects your intelligence (-3).
   It insulates you from electricity.
   It protects you from poison.
   It may slow you when you take damage.
Jewellery
 b - the ring "Ulanoi" {*Drain rPois rN+ Str+6 Stlth+}
   (You took it off a centaur warrior in the Dungeon)

   [ring of strength]

   It affects your strength (+6).
   It protects you from poison.
   It protects you from negative energy.
   It causes draining when unequipped.
   It makes you more stealthy.
 m - an amulet of the acrobat (around neck)
   (You found it in the Dungeon)
 A - the ring of the Mage (right hand) {Wiz MR++ Int+3}
   (You found it in the Dungeon)

   [ring of wizardry]

   It improves your spell success rate.
   It affects your intelligence (+3).
   It affects your resistance to hostile enchantments.
 D - the ring "Kextamu" {MR++ Int+6 Dex-5}
   (You took it off a deep elf master archer in the Dungeon)

   [ring of intelligence]

   It affects your intelligence (+6).
   It affects your dexterity (-5).
   It affects your resistance to hostile enchantments.
 F - a +6 ring of intelligence
   (You found it in the Dungeon)
 G - a +6 ring of intelligence
   (You found it in the Dungeon)
 H - a +6 ring of strength
   (You found it in the Dungeon)
 I - a +6 ring of strength
   (You found it in the Dungeon)
 L - an uncursed amulet of reflection
   (You took it off a centaur warrior in the Dungeon)
 P - the ring "Fuzeitto" (left hand) {Str+7 Stlth+}
   (You found it in the Dungeon)

   [ring of stealth]

   It affects your strength (+7).
   It makes you more stealthy.
 R - the amulet "Qaejopi" {Inacc rF- Str+5}
   (You found it in the Dungeon)

   [amulet of inaccuracy]

   It reduces the accuracy of all your attacks.
   It affects your strength (+5).
   It makes you vulnerable to fire.
 Y - the amulet of the Wild Haggis {Inacc +Fly rC- Int+3}
   (You found it in the Dungeon)

   [amulet of inaccuracy]

   It reduces the accuracy of all your attacks.
   It affects your intelligence (+3).
   It makes you vulnerable to cold.
   It lets you fly.
 Z - an uncursed amulet of regeneration
   (You found it in the Dungeon)
Wands
 c - a wand of disintegration (7)
   (You found it in the Dungeon)
 d - a wand of iceblast (7)
   (You found it in the Dungeon)
 x - a wand of acid (5)
   (You found it in the Dungeon)
Scrolls
 j - 4 scrolls of blinking
 v - 4 scrolls of amnesia
 w - 7 scrolls of fog
 y - 5 scrolls of remove curse {@r2}
 z - 2 scrolls of fear
 C - 5 scrolls of identify {@r1}
 M - 5 scrolls of brand weapon
Potions
 f - 14 potions of heal wounds {@q2}
 g - 13 potions of haste {@q3}
 h - 6 potions of magic
 i - 3 potions of berserk rage
 q - 2 potions of brilliance
 r - 2 potions of invisibility
 s - 4 potions of resistance
 u - 7 potions of stabbing
 B - 8 potions of might
 Q - 10 potions of curing {@q1}
Books
 e - a manual of Conjurations {!d}
   (You found it in the Dungeon)
 K - a manual of Short Blades {!d}
   (You found it in the Dungeon)
 U - a manual of Ice Magic {!d}
   (You found it in the Dungeon)
Miscellaneous
 N - a phantom mirror
   (You found it in the Dungeon)
 O - a condenser vane (2/2)
   (You found it in the Dungeon)


   Skills:
 - Level 20.0 Fighting
 - Level 18.0 Axes
 - Level 20.0 Armour
 - Level 15.0 Shields
 * Level 24.2 Spellcasting
 + Level 15.6 Summonings
 - Level 25.0 Necromancy
 + Level 12.5 Transmutations
 O Level 27 Invocations


You had 25 spell levels left.
You knew the following spells:

 Your Spells              Type           Power        Failure   Level
a - Death's Door          Necr           #######...   26%         9
b - Borgnjor's Revivific  Necr           #######...   1%          8
c - Infestation           Necr           #######...   1%          8
d - Haunt                 Necr/Summ      #######...   1%          7
e - Necromutation         Tmut/Necr      ######....   21%         8

Your spell library contained the following spells:

 Spells                   Type           Power        Failure   Level
 Animate Skeleton         Necr           ######       0%          1
 Pain                     Necr           ####         0%          1
 Sublimation of Blood     Necr           #######...   0%          2
 Vampiric Draining        Necr           #######...   0%          3
 Animate Dead             Necr           #######...   0%          4
 Dispel Undead            Necr           #######.     0%          4
 Agony                    Necr           #######.     0%          5
 Excruciating Wounds      Necr           #######...   0%          5
 Beastly Appendage        Tmut           ######       1%          1
 Sting                    Tmut/Pois      ####         1%          1
 Summon Small Mammal      Summ           ####         1%          1
 Corpse Rot               Necr/Air       N/A          1%          2
 Passwall                 Tmut/Erth      #####...     1%          2
 Wereblood                Tmut           ######..     1%          2
 Spider Form              Tmut/Pois      #####.....   1%          3
 Summon Guardian Golem    Hex/Summ       ######..     1%          3
 Blade Hands              Tmut           ######....   1%          5
 Borgnjor's Vile Clutch   Necr/Erth      ######....   1%          5
 Shadow Creatures         Summ           N/A          1%          6
 Summon Ice Beast         Ice/Summ       ######..     3%          4
 Summon Lightning Spire   Summ/Air       ######..     3%          4
 Ignite Poison            Fire/Tmut/Pois #####...     4%          3
 Ice Form                 Ice/Tmut       #####...     6%          4
 Petrify                  Tmut/Erth      #####...     6%          4
 Hydra Form               Tmut           ######....   6%          6
 Simulacrum               Ice/Necr       ######....   7%          6
 Apportation              Tloc           ###...       8%          1
 Corona                   Hex            ###....      8%          1
 Foxfire                  Conj/Fire      ###.         8%          1
 Freeze                   Ice            ###.         8%          1
 Magic Dart               Conj           ###.         8%          1
 Sandblast                Erth           ###...       8%          1
 Shock                    Conj/Air       ###.         8%          1
 Summon Mana Viper        Hex/Summ       ######..     9%          5
 Blink                    Tloc           N/A          12%         2
 Ensorcelled Hibernation  Hex/Ice        ###...       12%         2
 Poisonous Vapours        Pois/Air       ###...       12%         2
 Searing Ray              Conj           ###...       12%         2
 Slow                     Hex            ###.....     12%         2
 Swiftness                Air            ###.....     12%         2
 Alistair's Intoxication  Tmut/Pois      #####....    16%         5
 Irradiate                Conj/Tmut      #####.....   16%         5
 Yara's Violent Unravell  Hex/Tmut       #####.....   16%         5
 Confusing Touch          Hex            ###.....     22%         3
 Conjure Flame            Conj/Fire      ###.....     22%         3
 Dazzling Flash           Conj/Hex       ###...       22%         3
 Frozen Ramparts          Ice            ###...       22%         3
 Gell's Gravitas          Tloc           ###.......   22%         3
 Inner Flame              Hex/Fire       ###.....     22%         3
 Lesser Beckoning         Tloc           ###.......   22%         3
 Mephitic Cloud           Conj/Pois/Air  ###.....     22%         3
 Ozocubu's Armour         Ice            ###.....     22%         3
 Portal Projectile        Hex/Tloc       ###...       22%         3
 Static Discharge         Conj/Air       ###.....     22%         3
 Stone Arrow              Conj/Erth      ###...       22%         3
 Teleport Other           Tloc           ###.....     22%         3
 Tukima's Dance           Hex            ###.....     22%         3
 Dragon Form              Tmut           ######....   32%         7
 Airstrike                Air            ###.......   56%         4
 Cause Fear               Hex            ###.......   56%         4
 Fulminant Prism          Conj/Hex       ###.......   56%         4
 Hailstorm                Conj/Ice       ###.....     56%         4
 Iskenderun's Mystic Bla  Conj/Tloc      ###.....     56%         4
 Leda's Liquefaction      Hex/Erth       ###.......   56%         4
 Olgreb's Toxic Radiance  Pois           ###.....     56%         4
 Passage of Golubria      Tloc           N/A          56%         4
 Sticky Flame             Conj/Fire      ###.....     56%         4
 Eringya's Noxious Bog    Tmut/Pois      #####.....   61%         6
 Statue Form              Tmut/Erth      #####....    61%         6
 Bolt of Magma            Conj/Fire/Erth ###.......   87%         5
 Fireball                 Conj/Fire      ###.......   87%         5
 Lee's Rapid Deconstruct  Erth           ###.......   87%         5
 Lightning Bolt           Conj/Air       ###.......   87%         5
 Metabolic Englaciation   Hex/Ice        ###.......   87%         5
 Silence                  Hex/Air        ###.......   87%         5
 Dispersal                Tloc           ###.......   100%        6
 Freezing Cloud           Conj/Ice/Air   ###.......   100%        6
 Invisibility             Hex            ###.....     100%        6
 Iron Shot                Conj/Erth      ###.......   100%        6
 Ozocubu's Refrigeration  Ice            ###.......   100%        6
 Starburst                Conj/Fire      ###.......   100%        6
 Orb of Destruction       Conj           ###.......   100%        7
 Shatter                  Erth           ###.......   100%        9


Dungeon Overview and Level Annotations

Branches:
Dungeon (1/1)

Altars:
Ashenzari
Cheibriados
Dithmenos
Elyvilon
Fedhas
Gozag
Hepliaklqana
Kikubaaqudgha
Makhleb
Nemelex Xobeh
Okawaru
Qazlal
Ru
Sif Muna
Trog
Uskayaw
Vehumet
Wu Jian
Xom
Yredelemnul
Zin
The Shining One
Beogh
Jiyva
Lugonu


Message History

You feel your health improve.
Okay, then.
Okay, then.
You see here a +1 plate armour of magic resistance.
You see here an uncursed staff of earth.
Your pack is full.
You see here the +8 hand axe of the Evil Eye {drain, rPois MR++}.
You see here an uncursed staff of cold.
Your pack is full.
You see here the +9 staff of Wucad Mu {channel}.
Your pack is full.
You see here the ring "Fuzeitto" {Str+7 Stlth+}.
You can't carry that many items.
Drop what? 52/52 slots (_ for help) (? for menu, Esc to quit)
You drop the +5 short sword of the Puffball {vorpal, Int+5}.
You drop the +10 shortbow of Guirchivi {freeze, Fragile rPois rN++ Int+2}.
You drop the ring "Wiojea" {rPois rF+ Dex+2}.
You drop an uncursed amulet of faith {!P}.
l - the +9 staff of Wucad Mu {channel}
P - the ring "Fuzeitto" {Str+7 Stlth+}
Items here: " )) =.
R - the amulet "Qaejopi" {Inacc rF- Str+5} You're wearing all the rings you can.
Remove which one? (? for menu, Esc to cancel) < or
H - a +6 ring of strength > or
A - the ring of the Mage {Wiz MR++ Int+3} You remove your +6 ring of strength.
You feel weaker.
You feel stronger.
P - the ring "Fuzeitto" (left hand) {Str+7 Stlth+} You see here a lightning rod (4/4) {!a}.
Search for what [Enter for "book", or ? for help]? absol Unknown command.
There is a transporter here.
You start resting.
An exit appears before you!
You enter the transporter and appear at another place.
Found the Orb of Zot.
Found a staircase leading out of the dungeon.
You see here the Orb of Zot.
You see here the Orb of Zot.
You pick up the Orb of Zot!
The Orb lets out a hideous shriek!
The lords of Pandemonium are not amused.
Beware!
Now all you have to do is get back out of the dungeon!
You start waiting.
A blizzard demon comes into view.
There is a staircase leading out of the dungeon here.
You can't go down here!
Unknown command.
You have escaped!

...†..†.....▓..▓.......▓..▓...8©8
†††..†.†....▓.▓▓▓.....▓▓▓.▓...}||
............▓..▓.......▓..▓.[...}
...††.......▓.............▓......
............▓......©......▓......
............▓▓▓▓▓▓▓▓▓▓▓▓▓▓▓......
▓.......▓...▓8888888888888▓......
≈▓.....▓.▓..▓8.....2.....8▓..▓...
▓.......▓...▓8..@.○...©..8▓.▓....
............▓8.§○.°......8▓....©.
....©.......▓8888888888888▓▓▓▓▓▓▓
▓▓▓▓▓▓▓▓▓▓▓▓▓▓▓▓▓▓▓▓▓▓▓▓▓▓▓▓▓▓▓▓▓
.....8©8}..:). ▓........8©8.....
|)||[=|):≈[.≈) ▓.}:}:)[.}.:[[[.=
).)))}:≈....)) ▓.}...}.}|".)[)..
[.)..≈[}≈.≈.≈≈ ▓..}[|.|||.}|[.=[
.....):}≈....| ▓...........[...[


You could see a blizzard demon.

Vanquished Creatures
  An ancient lich (D)
  5 pandemonium lords (D)
  2 greater mummies (D)
  4 liches (D)
  3 Ice Fiends (D)
  5 deep elf master archers (D)
  3 tentacled starspawn (D)
  3 ghost moths (D)
  5 frost giants (D)
  An emperor scorpion (D)
  3 orc warlords (D)
  A deep elf elementalist (D)
  A cacodemon (D)
  5 balrugs (D)
  A warmonger (D)
  4 ghouls (D)
  An entropy weaver (D)
  7 vampire knights (D)
  4 reapers (D)
  4 stone giants (D)
  A yellow draconian (D)
  6 starcursed masses (D)
  4 blizzard demons (D)
  8 merfolk javelineers (D)
  A mummy priest (D)
  2 merfolk impalers (D)
  2 rakshasas (D)
  4 yaktaur captains (D)
  2 hydras (D)
  11 ice dragons (D)
  3 spriggan air magi (D)
  8 centaur warriors (D)
  3 hell hogs (D)
  A two-headed ogre (D)
  7 merfolk aquamancers (D)
  2 death scarabs (D)
  3 dancing weapons (D)
  3 vampire magi (D)
  4 thrashing horrors (D)
  3 orc high priests (D)
  A deep elf knight (D)
  A sun demon (D)
  A hell knight (D)
  2 sixfirhies (D)
  2 wretched stars (D)
  A spriggan druid (D)
  A death drake (D)
  3 skeletal warriors (D)
  A flayed ghost (D)
  A glowing orange brain (D)
  A deep elf archer (D)
  6 orc knights (D)
  8 necromancers (D)
  6 orb spiders (D)
  A wolf spider (D)
  3 deep elf magi (D)
  2 manticores (D)
  2 orc sorcerers (D)
  5 cyclopes (D)
  4 worldbinders (D)
  3 moths of wrath (D)
  An apocalypse crab (D)
  2 smoke demons (D)
  A merfolk siren (D)
  An elephant (D)
  4 orange demons (D)
  A cane toad (D)
  10 hellions (D)
  A komodo dragon (shapeshifter) (D)
  5 freezing wraiths (D)
  6 yaktaurs (D)
  An efreet (D)
  3 ice devils (D)
  2 tormentors (D)
  2 komodo dragons (D)
  3 rime drakes (D)
  2 demonic crawlers (D)
  2 red devils (D)
  A hellwing (D)
  4 guardian mummies (D)
  2 jumping spiders (D)
  4 ancient zymes (D)
  3 trolls (D)
  6 merfolk (D)
  6 polar bears (D)
  3 hornets (D)
  3 raiju (D)
  3 snapping turtles (D)
  2 hippogriffs (D)
  3 flying skulls (D)
  A water elemental (D)
  5 wraiths (D)
  14 shadows (D)
  3 yaks (D)
  A redback (D)
  7 tarantellas (D)
  5 vampires (D)
  3 ynoxinuls (D)
  A fire bat (D)
  3 neqoxecs (D)
  3 fire elementals (D)
  2 wargs (D)
  2 chaos spawn (D)
  6 large abominations (D)
  3 water moccasins (D)
  6 hell hounds (D)
  8 small abominations (D)
  8 orc warriors (D)
  4 ice beasts (D)
  5 necrophages (D)
  An ogre (D)
  8 centaurs (D)
  2 crocodiles (D)
  12 wights (D)
  6 crimson imps (D)
  8 quasits (D)
  An orc priest (D)
  4 iron imps (D)
  3 orc wizards (D)
  An iguana (D)
  A hell rat (D)
  11 mummies (D)
  2 shadow imps (D)
  13 white imps (D)
  2 ufetubi (D)
  8 adder zombies (D)
  15 adder skeletons (D)
  2 adder simulacra (D)
  An orc (D)
  9 bat skeletons (D)
  8 bat zombies (D)
  A jackal (D)
  A ball python skeleton (D)
  A ball python zombie (D)
  2 bat simulacra (D)
  4 giant cockroach zombies (D)
  3 jackal skeletons (D)
  2 leopard gecko simulacra (D)
  3 leopard gecko skeletons (D)
  4 leopard gecko zombies (D)
  5 quokka skeletons (D)
  3 lurking horrors (D)
520 creatures vanquished.

Vanquished Creatures (others)
  An unseen horror (D)
  A white imp (D)
  2 bat skeletons (D)
  3 bat zombies (D)
  A fire vortex (D)
8 creatures vanquished.

Grand Total: 528 creatures vanquished

Notes
Turn   | Place    | Note
-------+----------+-------------------------------------------
     0 | D        | Apogee the Hill Orc Fighter began the quest for the Orb.
     0 | D        | Reached XP level 1. HP: 19/19 MP: 1/1
     3 | D        | Found a blossoming altar of Fedhas.
     3 | D        | Banished a spatial maelstrom
     4 | D        | Found the +6 Majin-Bo {vamp, MP+6 Int+6}
     4 | D        | Found the +9 heavy crossbow "Sniper" {vorpal, Acc+∞ SInv}
     4 | D        | Found the +10 dark maul {vorpal}
     4 | D        | Found the +15 Maxwell's patent armour {-Cast -Tele rElec
                  | MR+ rCorr}
     4 | D        | Found the +18 shield of the Gong {rElec rN+ MR+ EV-5}
     4 | D        | Found the cursed +14 obsidian axe {vorpal, +Fly SInv
                  | *Curse}
     4 | D        | Found the +7 great mace "Firestarter" {inner flame, rF++}
     4 | D        | Found the +6 shillelagh "Devastator" {shatter}
     4 | D        | Found the +11 plutonium sword {*Contam Stlth-}
     4 | D        | Found the +8 lance "Wyrmbane" {slay drac, rPois rF+ rC+
                  | AC+3}
     4 | D        | Found the +9 sword of Zonguldrok {reap}
     4 | D        | Found the cursed +13 scythe of Curses {drain, *Curse}
     4 | D        | Found the +0 sword of Power
     4 | D        | Found the +7 mace of Variability {chain chaos}
     4 | D        | Found the +7 Singing Sword {vorpal, sonic wave}
     4 | D        | Found the +8 storm bow {elec, penet}
     5 | D        | Found a viscous altar of Jiyva.
     5 | D        | Found a hazy altar of Hepliaklqana.
     5 | D        | Found a transporter.
     5 | D        | Found an opulent altar of Gozag.
     5 | D        | Found an ancient bone altar of Kikubaaqudgha.
     5 | D        | Found a corrupted altar of Lugonu.
     9 | D        | Found a burning altar of Makhleb.
    10 | D        | Found a sacrificial altar of Ru.
    10 | D        | Found a stormy altar of Qazlal.
    10 | D        | Found a shimmering blue altar of Sif Muna.
    10 | D        | Found an iron altar of Okawaru.
    10 | D        | Found a bloodstained altar of Trog.
    10 | D        | Found a sparkling altar of Nemelex Xobeh.
    50 | D        | Reached skill level 5 in Fighting
    50 | D        | Reached skill level 5 in Axes
    50 | D        | Reached skill level 5 in Armour
    50 | D        | Reached skill level 5 in Shields
    50 | D        | Reached XP level 2. HP: 30/30 MP: 2/2
    59 | D        | Became a worshipper of Qazlal Stormbringer
    77 | D        | Entered arena 2.
    77 | D        | Found a transporter.
    85 | D        | Reached XP level 3. HP: 37/37 MP: 3/3
    94 | D        | Entered arena 3.
    94 | D        | Found a transporter.
    99 | D        | Reached * piety under Qazlal
   100 | D        | Reached skill level 1 in Invocations
   104 | D        | Reached XP level 4. HP: 35/45 MP: 3/5
   167 | D        | Entered arena 4.
   167 | D        | Found a transporter.
   170 | D        | Reached ** piety under Qazlal
   170 | D        | Reached skill level 2 in Invocations
   176 | D        | Reached *** piety under Qazlal
   176 | D        | Reached skill level 3 in Invocations
   176 | D        | Reached XP level 5. HP: 50/52 MP: 5/7
   196 | D        | Entered arena 5.
   196 | D        | Noticed a yak
   196 | D        | Noticed a yak
   196 | D        | Found a transporter.
   203 | D        | Reached skill level 4 in Invocations
   205 | D        | Killed a yak
   205 | D        | Reached skill level 5 in Invocations
   205 | D        | Reached XP level 6. HP: 59/62 MP: 3/10
   208 | D        | Killed a yak
   208 | D        | Reached skill level 6 in Invocations
   208 | D        | Reached XP level 7. HP: 67/70 MP: 4/12
   267 | D        | Entered arena 6.
   267 | D        | Noticed a fire elemental
   267 | D        | Noticed a fire elemental
   267 | D        | Found a transporter.
   270 | D        | Killed a fire elemental
   270 | D        | Reached skill level 7 in Invocations
   271 | D        | Reached **** piety under Qazlal
   271 | D        | Reached skill level 10 in Axes
   271 | D        | Reached skill level 8 in Invocations
   272 | D        | Reached skill level 10 in Fighting
   273 | D        | Killed a fire elemental
   273 | D        | Reached XP level 8. HP: 70/79 MP: 2/14
   280 | D        | Got the +5 cloak of Defiance {rElec rF+ rN+ Dex+4}
   282 | D        | Got the +9 hand crossbow of Context {flame, Str+4 Stlth+}
   353 | D        | Entered arena 7.
   353 | D        | Noticed a deep elf mage
   353 | D        | Noticed a deep elf elementalist
   353 | D        | Noticed a deep elf mage
   353 | D        | Noticed an orc high priest
   353 | D        | Noticed a deep elf mage
   353 | D        | Noticed a deep elf archer
   356 | D        | Killed a deep elf elementalist
   356 | D        | Reached skill level 10 in Armour
   356 | D        | Reached skill level 10 in Shields
   356 | D        | Reached skill level 10 in Invocations
   356 | D        | Reached XP level 9. HP: 41/89 MP: 6/17
   357 | D        | Killed an orc high priest
   357 | D        | Reached skill level 11 in Invocations
   360 | D        | Found a transporter.
   362 | D        | Killed a deep elf mage
   363 | D        | Killed a deep elf mage
   363 | D        | Reached skill level 12 in Invocations
   363 | D        | Reached XP level 10. HP: 31/100 MP: 3/19
   364 | D        | Killed a deep elf mage
   364 | D        | Reached ***** piety under Qazlal
   369 | D        | Killed a deep elf archer
   649 | D        | Entered arena 8.
   649 | D        | Noticed a deep elf knight
   649 | D        | Noticed a +3 glaive of flaming
   649 | D        | Noticed a +1 hand axe of freezing
   649 | D        | Noticed a +1 halberd of protection
   650 | D        | Killed a +1 halberd of protection
   650 | D        | Reached skill level 13 in Invocations
   650 | D        | Killed a +1 hand axe of freezing
   652 | D        | Killed a deep elf knight
   653 | D        | Killed a +3 glaive of flaming
   653 | D        | Reached skill level 15 in Axes
   653 | D        | Reached skill level 14 in Invocations
   653 | D        | Reached XP level 11. HP: 110/110 MP: 4/21
   654 | D        | Found a transporter.
   750 | D        | Entered arena 9.
   750 | D        | Noticed a cyclops
   751 | D        | Killed a cyclops
   751 | D        | Reached ****** piety under Qazlal
   752 | D        | Found a transporter.
   793 | D        | Entered arena 10.
   793 | D        | Noticed a starcursed mass
   793 | D        | Noticed a worldbinder
   794 | D        | Killed a worldbinder
   797 | D        | Killed a starcursed mass
   797 | D        | Reached skill level 15 in Fighting
   797 | D        | Reached skill level 15 in Invocations
   798 | D        | Found a transporter.
   805 | D        | Got the +14 chain mail of Negligence {SInv}
   853 | D        | Got the amulet of Onom {Inacc Int+4}
   854 | D        | Entered arena 11.
   854 | D        | Noticed a greater mummy
   854 | D        | Noticed a death scarab
   854 | D        | Noticed a mummy priest
   855 | D        | Killed a death scarab
   856 | D        | Noticed a jiangshi
   857 | D        | Killed a mummy priest
   858 | D        | Found a transporter.
   866 | D        | Killed a greater mummy
   866 | D        | Reached skill level 15 in Armour
   866 | D        | Reached skill level 15 in Shields
   866 | D        | Reached skill level 16 in Invocations
   866 | D        | Reached XP level 12. HP: 52/124 MP: 16/24
  1177 | D        | Entered arena 12.
  1177 | D        | Noticed an ice dragon
  1177 | D        | Noticed an ice dragon
  1177 | D        | Noticed an ice dragon
  1180 | D        | Killed an ice dragon
  1180 | D        | Reached skill level 17 in Invocations
  1180 | D        | Killed an ice dragon
  1180 | D        | Killed an ice dragon
  1181 | D        | Found a transporter.
  1253 | D        | Entered arena 13.
  1253 | D        | Noticed a torturous warmonger
  1253 | D        | Noticed Suafyor the pandemonium lord
  1254 | D        | Found the ring of the Mage {Wiz MR++ Int+3}
  1254 | D        | Noticed Bargh the pandemonium lord
  1254 | D        | Noticed Kabb the pandemonium lord
  1254 | D        | Noticed Maudytt the pandemonium lord
  1255 | D        | Noticed an Executioner
  1256 | D        | Killed a torturous warmonger
  1256 | D        | Reached skill level 18 in Invocations
  1256 | D        | Killed Suafyor the pandemonium lord
  1256 | D        | Reached skill level 19 in Invocations
  1256 | D        | Reached XP level 13. HP: 118/137 MP: 17/26
  1256 | D        | Killed Kabb the pandemonium lord
  1256 | D        | Reached skill level 20 in Invocations
  1256 | D        | Killed Maudytt the pandemonium lord
  1256 | D        | Reached skill level 21 in Invocations
  1256 | D        | Killed Bargh the pandemonium lord
  1256 | D        | Reached skill level 23 in Invocations
  1256 | D        | Reached XP level 14. HP: 127/148 MP: 17/29
  1257 | D        | Found a transporter.
  1347 | D        | Entered arena 14.
  1349 | D        | Found the +3 giant club "Skullcrusher" {speed, Str+7}
  1349 | D        | Found the +3 Elemental Staff {rElec rF++ rC++ MR++ AC+5}
  1349 | D        | Reached skill level 24 in Invocations
  1351 | D        | Found a transporter.
  1359 | D        | Got the +3 ring mail of the Poles {Int+3 Stlth+}
  1366 | D        | Entered arena 15.
  1369 | D        | Found the +7 lajatang of Order {silver, rMut}
  1370 | D        | Found a transporter.
  1417 | D        | Entered arena 16.
  1418 | D        | Noticed a greater mummy
  1419 | D        | Reached skill level 25 in Invocations
  1422 | D        | Found a transporter.
  1423 | D        | Killed a greater mummy
  1423 | D        | Reached skill level 26 in Invocations
  1479 | D        | Got the ring "Qintaynn" {*Drain +Blink MR+ EV+4}
  1480 | D        | Entered arena 17.
  1485 | D        | Reached skill level 1 in Spellcasting
  1485 | D        | Reached skill level 27 in Invocations
  1489 | D        | Found a transporter.
  1503 | D        | Got the cursed +3 war axe of the Vase {flame, rPois rF+++
                  | MR- Int+4}
  1677 | D        | Entered arena 18.
  1681 | D        | Reached skill level 5 in Spellcasting
  1684 | D        | Found a transporter.
  1690 | D        | Got the Reference Book on Dusty Execration
  1694 | D        | Got the ring "Wiojea" {rPois rF+ Dex+2}
  1730 | D        | Learned a level 9 spell: Death's Door
  1730 | D        | Entered arena 19.
  1733 | D        | Noticed a balrug
  1734 | D        | Reached skill level 1 in Necromancy
  1734 | D        | Reached XP level 15. HP: 155/155 MP: 32/32
  1734 | D        | Killed a balrug
  1734 | D        | Reached skill level 5 in Necromancy
  1736 | D        | Found a transporter.
  1743 | D        | Got the cursed +0 helmet of the Swamp {Regen+}
  1752 | D        | Got the cursed +0 pair of boots of Compression {+Fly rPois
                  | MR++ Dex-2}
  1873 | D        | Entered arena 20.
  1878 | D        | Identified the +1 war axe "Lifebane" {protect, rElec}
  1879 | D        | Reached skill level 10 in Spellcasting
  1879 | D        | Identified the +8 shortbow "Soid" {speed, rElec}
  1881 | D        | Found a transporter.
  1897 | D        | Got the +4 shortbow of Hooz {vorpal, Dex+7}
  1905 | D        | Got the Handbook of Contamination and Necromancy
  1913 | D        | Entered arena 21.
  1919 | D        | Reached skill level 10 in Necromancy
  1922 | D        | Found a transporter.
  1935 | D        | Got the Collected Works on Spatial Air
  1937 | D        | Got the Volume of Fire and Venom
  1970 | D        | Entered arena 22.
  1974 | D        | Noticed an emperor scorpion
  1975 | D        | Killed a ghost moth
  1975 | D        | Killed a ghost moth
  1975 | D        | Reached skill level 15 in Necromancy
  1975 | D        | Killed a ghost moth
  1975 | D        | Killed an emperor scorpion
  1975 | D        | Reached XP level 16. HP: 162/162 MP: 20/34
  1978 | D        | Found a transporter.
  1994 | D        | Got Avyal's Handbook of the Doomed Birds
  2006 | D        | Got Zomp's Compendium of Envenoming and Clay
  2063 | D        | Entered arena 23.
  2069 | D        | Identified the +2 shortbow of Ravage {vorpal, Dex+4}
  2070 | D        | Reached skill level 15 in Spellcasting
  2072 | D        | Identified the +8 great mace "Guhuaw" {venom, MR+ Str+4}
                  | (You took it off an orc wizard in the Dungeon)
  2074 | D        | Found a transporter.
  2084 | D        | Got the +4 whip "Safiuggu" {vorpal, *Corrode +Inv MP+9
                  | Int+6}
  2087 | D        | Entered arena 24.
  2094 | D        | Identified the +10 shortbow of Guirchivi {freeze, Fragile
                  | rPois rN++ Int+2}
  2098 | D        | Identified the +4 scale mail of Poor Excuses {*Drain +Inv
                  | Int+8 Slay+2}
  2098 | D        | Noticed a deep elf master archer
  2099 | D        | Killed a deep elf master archer
  2099 | D        | Killed a deep elf master archer
  2102 | D        | Noticed a deep elf master archer
  2104 | D        | Identified the +4 plate armour of Incorporation {-Cast rF+
                  | MR+ Regen+}
  2104 | D        | Identified the ring "Kextamu" {MR++ Int+6 Dex-5}
  2104 | D        | Noticed a deep elf master archer
  2104 | D        | Noticed a deep elf master archer
  2105 | D        | Identified the +5 short sword of the Puffball {vorpal,
                  | Int+5}
  2106 | D        | Killed a deep elf master archer
  2106 | D        | Killed a deep elf master archer
  2106 | D        | Reached XP level 17. HP: 158/170 MP: 14/38
  2106 | D        | Killed a deep elf master archer
  2247 | D        | Found a transporter.
  2252 | D        | Got the ring "Ulanoi" {*Drain rPois rN+ Str+6 Stlth+}
  2326 | D        | Learned a level 8 spell: Borgnjor's Revivification
  2335 | D        | Learned a level 8 spell: Infestation
  2343 | D        | Learned a level 7 spell: Haunt
  2352 | D        | Learned a level 8 spell: Necromutation
  2354 | D        | Entered arena 25.
  2360 | D        | Noticed an Ice Fiend
  2360 | D        | Noticed an Ice Fiend
  2361 | D        | Noticed an Ice Fiend
  2363 | D        | Killed an Ice Fiend
  2364 | D        | Killed an Ice Fiend
  2364 | D        | Killed an Ice Fiend
  2366 | D        | Found a transporter.
  2476 | D        | Got the +4 ring mail of Jatt {*Slow rElec rPois Int-3}
  2479 | D        | Got the amulet of the Wild Haggis {Inacc +Fly rC- Int+3}
  2481 | D        | Got Sif Muna's Reference Book on the Snowflakes and
                  | Weightlessness
  2499 | D        | Got Sif Muna's Guide on Lethal Beguiling
  2642 | D        | Entered arena 26.
  2652 | D        | Found the +3 pair of gauntlets of War {Slay+5}
  2653 | D        | Reached skill level 1 in Summonings
  2653 | D        | Reached skill level 1 in Transmutations
  2653 | D        | Reached skill level 5 in Summonings
  2654 | D        | Found the +4 robe of Augmentation {Str+4 Int+4 Dex+4}
  2657 | D        | Reached skill level 5 in Transmutations
  2664 | D        | Found a transporter.
  2676 | D        | Entered arena 27.
  2704 | D        | Noticed a lich
  2706 | D        | Identified the +0 leather armour of the Watchman {Int-2
                  | Dex+5}
  2707 | D        | Identified the +8 plate armour of the Midnight Sun {rF+}
  2708 | D        | Killed a lich
  2708 | D        | Noticed a lich
  2714 | D        | Noticed a lich
  2714 | D        | Noticed an ancient lich
  2717 | D        | Killed a lich
  2717 | D        | Reached XP level 18. HP: 145/166 MP: 16/43
  2717 | D        | Reached skill level 10 in Summonings
  2717 | D        | Killed a lich
  2717 | D        | Killed an ancient lich
  2717 | D        | Identified the ring "Radumilu" {rCorr Dex+4}
  2718 | D        | Identified the amulet of the Original Sin {Spirit rC+ MP+9
                  | Dex-2 SInv}
  2723 | D        | Noticed a lich
  2733 | D        | Killed a lich
  2733 | D        | Reached skill level 10 in Transmutations
  2750 | D        | Found a transporter.
  2787 | D        | Got the Almanac of Curses and Transformation
  2863 | D        | Entered arena 28.
  2875 | D        | Reached skill level 15 in Summonings
  2875 | D        | Noticed Wejeeshre the pandemonium lord
  2883 | D        | Killed Wejeeshre the pandemonium lord
  2890 | D        | Found the +4 dagger "Morg" {pain, MR+ Int+5}
  2890 | D        | Found the +9 staff of Wucad Mu {channel}
  2890 | D        | Found a transporter.
  2895 | D        | Got the Handbook of the Congealing Volcanoes
  2904 | D        | Got Sif Muna's Catalogue of Ensnaring Dislocation
  2910 | D        | Got the Compendium of Dark Rites
  2943 | D        | Got the ring "Fuzeitto" {Str+7 Stlth+}
  2945 | D        | Got the amulet "Qaejopi" {Inacc rF- Str+5}
  2977 | D        | Got the Orb of Zot
  3070 | D        | Escaped with the Orb!

Illustrated notes

Levels and vault maps discovered:
D:        sprint_v [room_start, room_1, room_2, room_3, room_4, room_5, room_6,
          room_7, room_8, room_9, room_10, room_11, room_12, room_13, room_14,
          room_15, room_16, room_17, room_18, room_19, room_20, room_21,
          room_22, room_23, room_24, room_25, room_26, room_27]

Skill      XL: |  1  2  3  4  5  6  7  8  9 10 11 12 13 14 15 16 17 18 |
---------------+-------------------------------------------------------+-----
Fighting       | 5 6 7 8 9 10 11 12 14 16 19 20 | 20.0
Axes           | 5 6 7 8 9 10 12 13 15 17 18 | 18.0
Armour         | 5 6 7 8 9 10 11 13 15 17 20 | 20.0
Shields        | 5 6 7 8 9 10 11 13 15 | 15.0
Invocations    | 1 3 5 6 8 10 12 14 16 19 23 27 | 27.0
Spellcasting   | 9 14 17 21 24 | 24.2
Necromancy     | 3 15 22 25 | 25.0
Summonings     | 9 15 | 15.6
Transmutations | 7 12 | 12.5

Action                   |  1- 3 |  4- 6 |  7- 9 | 10-12 | 13-15 | 16-18 || total
-------------------------+-------+-------+-------+-------+-------+-------++-------
Melee: Broad axe         |    14 |    14 |     7 |    16 |     8 |    50 ||   109
 Cast: Haunt             |       |       |       |       |       |     1 ||     1
       Borgnjor's Revivi |       |       |       |       |       |     1 ||     1
Invok: Upheaval          |       |     1 |     4 |     5 |       |     5 ||    15
       Elemental Force   |       |       |     1 |       |       |       ||     1
       Disaster Area     |       |       |       |     8 |    11 |    15 ||    34
Evoke: Wand              |       |       |     1 |     1 |       |       ||     2
  Use: Potion            |     1 |       |     2 |     1 |       |       ||     4
       Scroll            |     1 |       |       |       |       |       ||     1
Armor: Gold dragon scale |     8 |     8 |    10 |     2 |       |       ||    28
       Crystal plate arm |       |       |       |       |     3 |    31 ||    34
Dodge: Dodged            |     5 |     4 |     2 |     1 |     4 |    23 ||    39
       Repelled          |       |       |       |       |       |     4 ||     4
Block: Buckler           |     2 |    10 |     7 |     2 |       |       ||    21
       Kite shield       |       |       |       |     7 |    17 |    75 ||    99

Table legend: (Time is in decaauts)
 A = Elapsed time spent in this place.
 B = Non-inter-level travel time spent in this place.
 C = Inter-level travel time spent in this place.
 D = Time resting spent in this place.
 E = Time spent auto-exploring this place.
 F = Levels seen in this place.
 G = Mean time per level.
                   A        B        C        D        E       F      G
               +--------+--------+--------+--------+--------+-----+--------+
         Total |   3049 |   3011 |     38 |   1693 |    256 |   1 | 3049.0 |
       Dungeon |   3049 |   3011 |     38 |   1693 |    256 |   1 | 3049.0 |
               +--------+--------+--------+--------+--------+-----+--------+

Top non-repeatable levels by time:
       D: 3049 daAuts
